 Dungeon Crawl Stone Soup version 0.26-a0-690-gcb57259078 (webtiles) character file.

Game seed: 1970519454400793599

3837 marklar909 the Tainter (level 10, -3/67 HPs)
             Began as a Formicid Venom Mage on Oct 23, 2020.
             Was a Priest of Makhleb.
             Slain by an eight-headed hydra (8 damage)
             ... on level 10 of the Dungeon.
             The game lasted 00:20:59 (10988 turns).

marklar909 the Tainter (Formicid Venom Mage)       Turns: 10988, Time: 00:21:01

Health: -3/67      AC:  5    Str: 13    XL:     10   Next: 40%
Magic:  19/19      EV: 11    Int: 20    God:    Makhleb [***...]
Gold:   160        SH:  9    Dex: 11    Spells: 9/22 levels left

rFire    . . .     SeeInvis +   r - +0 mace "Ultimatum" {drain, Int+2}
rCold    . . .     Faith    .   k - +0 kite shield
rNeg     + . .     Spirit   .   g - +0 leather armour
rPois    .         Reflect  .   (helmet unavailable)
rElec    .         Harm     .   j - +1 cloak {MR+}
rCorr    .         Rampage  .   (no gloves)
MR       ++...                  (no boots)
Stlth    ++........             (no amulet)
HPRegen  0.21/turn              i - ring of positive energy
MPRegen  0.16/turn              (no ring)

@: no status effects
A: permanent stasis, dig shafts and tunnels, four strong arms, antennae 3
a: Dig, Shaft Self, Minor Destruction, Lesser Servant of Makhleb, Renounce
Religion


You were on level 10 of the Dungeon.
You worshipped Makhleb.
Makhleb was most pleased with you.
You visited 1 branch of the dungeon, and saw 8 of its levels.

You collected 317 gold pieces.
You spent 157 gold pieces at shops.

Inventory:

Hand Weapons
 r - the +0 mace "Ultimatum" (weapon) {drain, Int+2}
   (You found it on level 6 of the Dungeon)

   A truly terrible weapon, it drains the life of those it strikes.
   It affects your intelligence (+2).
Missiles
 m - 5 javelins (quivered)
Armour
 g - a +0 leather armour (worn)
 j - a +1 cloak of magic resistance (worn)
 k - a +0 kite shield (worn)
 n - a scarf of invisibility
Jewellery
 i - a ring of positive energy (left hand)
Wands
 f - a wand of iceblast (4)
Scrolls
 c - 2 scrolls of amnesia
 e - 2 scrolls of identify
 o - a scroll of remove curse
Potions
 a - 5 potions of curing
 b - 3 potions of heal wounds
 d - a potion of flight
 h - 2 potions of magic
 l - a potion of berserk rage {unknown}
 p - 4 potions of brilliance
 q - 2 potions of cancellation


   Skills:
 + Level 2.0 Fighting
 + Level 2.3 Maces & Flails
 + Level 2.8 Armour
 + Level 3.2 Dodging
 + Level 4.6 Stealth
 + Level 5.7 Shields
 - Level 0.1 Unarmed Combat
 + Level 6.5 Spellcasting
 + Level 4.0 Transmutations
 + Level 0.3 Fire Magic
 + Level 3.2 Air Magic
 + Level 9.4 Poison Magic
 * Level 6.3 Invocations


You had 9 spell levels left.
You knew the following spells:

 Your Spells              Type           Power        Failure   Level
a - Sting                 Tmut/Pois      ####         1%          1
b - Poisonous Vapours     Pois/Air       ####..       2%          2
c - Ignite Poison         Fire/Tmut/Pois ####....     11%         3
d - Mephitic Cloud        Conj/Pois/Air  ###.....     13%         3
e - Olgreb's Toxic Radia  Pois           #####...     4%          4

Your spell library contained the following spells:

 Spells                   Type           Power        Failure   Level
 Beastly Appendage        Tmut           ###...       4%          1
 Spider Form              Tmut/Pois      ####......   4%          3
 Wereblood                Tmut           ###.....     7%          2
 Corona                   Hex            #......      26%         1
 Ensorcelled Hibernation  Hex/Ice        #.....       36%         2
 Confusing Touch          Hex            #.......     58%         3
 Dazzling Flash           Conj/Hex       #.....       58%         3
 Tukima's Dance           Hex            #.......     58%         3
 Ice Form                 Ice/Tmut       ##......     73%         4
 Blade Hands              Tmut           ###.......   78%         5


Dungeon Overview and Level Annotations

Branches:
Dungeon (7/15)             Temple (0/1) D:5

Altars:
Ashenzari
Elyvilon
Hepliaklqana
Kikubaaqudgha
Makhleb
Okawaru
Sif Muna
Trog
Vehumet
Zin
The Shining One

Shops:
D:4 [   D:7 =

Annotations:
D:6 exclusion: statue


Innate Abilities, Weirdness & Mutations

You cannot be hasted, slowed, berserked, paralysed or teleported.
You can dig through walls and to a lower floor.
Your four strong arms can wield two-handed weapons with a shield.
You have a pair of large antennae on your head. (SInv)


Message History

Okay, then.
Okay, then.
Okay, then.
Okay, then.
Evoke which item? (* to show all) (? for menu, Esc to quit)
Aiming: Iceblast
Press: ? - help, Shift-Dir - straight line
Okay, then.
Evoke which item? (* to show all) (? for menu, Esc to quit)
Aiming: Iceblast
Press: ? - help, Shift-Dir - straight line The mass of ice explodes!
The iceblast engulfs the eight-headed hydra!
The eight-headed hydra is severely wounded.
You block the eight-headed hydra's attack.
The eight-headed hydra bites you.
* * * LOW HITPOINT WARNING * * *
You block the eight-headed hydra's attack.
The eight-headed hydra bites you!
You die...

{{ { { ###
#####
.#...#...#
.'..u'.[.#
#...#.D@#
### ##)##
{ #...#
.#...#
{.)#...#
#########
{{{ { {{{


You could see an eight-headed hydra and a purple ugly thing.

Vanquished Creatures
  Harold (D:7)
  A deep elf mage (D:10)
  A tengu conjurer (D:10)
  Sigmund (D:3)
  A water moccasin (D:6)
  Duvessa (D:6)
  2 orc warriors (D:6)
  A necrophage (D:7)
  3 ice beasts
  A phantom (D:4)
  3 ogres
  A centaur (D:7)
  3 bullfrogs
  Dowan (D:6)
  A scorpion (D:4)
  2 hounds
  4 orc priests
  5 orc wizards
  Ijyb (D:3)
  2 iguanas
  5 worker ants
  A killer bee zombie (D:7)
  A hound skeleton (D:4)
  Robin (D:4)
  11 adders
  6 gnolls
  2 shadow imps
  A white imp (D:5)
  3 ufetubi
  An ooze (D:5)
  2 adder skeletons (D:5)
  An adder zombie (D:6)
  A worm (D:5)
  3 dart slugs
  3 leopard geckos
  18 orcs
  7 bats
  9 giant cockroaches
  11 goblins
  7 hobgoblins
  9 jackals
  A quokka (D:4)
  7 ball pythons
  3 frilled lizards
  A giant cockroach zombie (D:5)
  7 kobolds
  A quokka skeleton (D:4)
  5 rats
164 creatures vanquished.

Vanquished Creatures (others)
  A jackal (D:3)
1 creature vanquished.

Grand Total: 165 creatures vanquished

Notes
Turn   | Place    | Note
-------+----------+-------------------------------------------
     0 | D:1      | marklar909 the Formicid Venom Mage began the quest for the
                  | Orb.
     0 | D:1      | Reached XP level 1. HP: 13/13 MP: 3/3
   214 | D:1      | Reached XP level 2. HP: 14/19 MP: 1/5
  1214 | D:1      | Learned a level 2 spell: Poisonous Vapours
  1445 | D:2      | Reached XP level 3. HP: 23/24 MP: 0/6
  1576 | D:2      | Learned a level 3 spell: Ignite Poison
  1950 | D:2      | Found a burning altar of Makhleb.
  1960 | D:2      | Reached XP level 4. HP: 16/30 MP: 2/8
  2094 | D:2      | Became a worshipper of Makhleb the Destroyer
  2440 | D:3      | Noticed Ijyb
  2832 | D:3      | Reached skill level 5 in Poison Magic
  3127 | D:3      | Reached skill level 1 in Shields
  3127 | D:3      | Reached XP level 5. HP: 35/35 MP: 1/9
  3264 | D:3      | Noticed Sigmund
  3334 | D:3      | Killed Sigmund
  3334 | D:3      | Reached skill level 1 in Armour
  3334 | D:3      | Reached skill level 1 in Air Magic
  3334 | D:3      | Reached XP level 6. HP: 29/41 MP: 0/11
  3507 | D:3      | Found an iron altar of Okawaru.
  3508 | D:3      | Found a shimmering blue altar of Sif Muna.
  3823 | D:3      | Reached skill level 6 in Poison Magic
  3886 | D:3      | Killed Ijyb
  3886 | D:3      | Reached XP level 7. HP: 29/46 MP: 4/12
  4138 | D:3      | Found an ancient bone altar of Kikubaaqudgha.
  4242 | D:3      | Reached * piety under Makhleb
  4590 | D:4      | Found Azeura's Antique Armour Shoppe.
  4595 | D:4      | Noticed Robin
  5087 | D:4      | Found a hazy altar of Hepliaklqana.
  5372 | D:4      | Killed Robin
  5778 | D:4      | Bought a glowing cloak for 157 gold pieces
  6104 | D:4      | Found a bloodstained altar of Trog.
  6104 | D:4      | Found a white marble altar of Elyvilon.
  6110 | D:4      | Found a faded altar of an unknown god.
  6112 | D:4      | Found a faded altar of an unknown god.
  6114 | D:4      | Found a glowing silver altar of Zin.
  6250 | D:4      | Found a broken altar of Ashenzari.
  6379 | D:4      | Learned a level 3 spell: Mephitic Cloud
  6384 | D:4      | Learned a level 4 spell: Olgreb's Toxic Radiance
  6475 | D:4      | Reached ** piety under Makhleb
  6707 | D:5      | Entered Level 5 of the Dungeon
  6707 | D:5      | Found a staircase to the Ecumenical Temple.
  6721 | D:4      | Reached skill level 1 in Maces & Flails
  6777 | D:5      | Reached XP level 8. HP: 39/53 MP: 14/14
  7180 | D:5      | Reached skill level 1 in Invocations
  7804 | D:5      | Reached skill level 1 in Fighting
  7870 | D:5      | Found a glowing golden altar of the Shining One.
  7880 | D:5      | Reached skill level 7 in Poison Magic
  8512 | D:6      | Found a radiant altar of Vehumet.
  8947 | D:6      | Noticed Duvessa
  8949 | D:6      | Noticed Dowan
  8953 | D:6      | Killed Duvessa
  8953 | D:6      | Reached skill level 5 in Spellcasting
  8971 | D:6      | Killed Dowan
  9192 | D:6      | Reached XP level 9. HP: 37/59 MP: 5/16
  9192 | D:6      | Reached skill level 8 in Poison Magic
  9192 | D:6      | Reached skill level 5 in Shields
  9373 | D:6      | Got an ancient mace
  9374 | D:6      | Identified the cursed +0 mace "Ultimatum" {drain, Int+2}
                  | (You found it on level 6 of the Dungeon)
  9584 | D:7      | Reached *** piety under Makhleb
 10177 | D:7      | Found Enlamiwn's Jewellery Shoppe.
 10675 | D:7      | Noticed Harold
 10682 | D:7      | Killed Harold
 10682 | D:7      | Reached skill level 9 in Poison Magic
 10682 | D:7      | Reached skill level 5 in Invocations
 10682 | D:7      | Reached XP level 10. HP: 67/67 MP: 10/19
 10862 | D:7      | You fall into a shaft and drop 3 floors!
 10862 | D:10     | Entered Level 10 of the Dungeon
 10922 | D:10     | Noticed a deep elf mage
 10926 | D:10     | Killed a deep elf mage
 10982 | D:10     | Noticed an eight-headed hydra
 10985 | D:10     | Noticed a purple ugly thing
 10988 | D:10     | Slain by an eight-headed hydra

Illustrated notes

Levels and vault maps discovered:
D:1:      kilobyte_arrival_exit_the_forest, layout_basic
D:2:      layout_basic, makhleb_blood_cavern_becter
D:3:      layout_rooms, marbit_many_paths, overflow_temple_1_default,
          okawaru_metal_pillars_3, hex_tiny, fountainhead, minmay_snake_closets,
          uniq_ijyb, uniq_sigmund
D:4:      layout_loops_ring, nicolae_overflow_hidden_temple,
          chequers_temple_overflow_minitemple, gup_sewer_entry_glass,
          serial_shops, shop, hangedman_decor_lopped,
          nicolae_ashenzari_panopticon, uniq_robin
D:5:      layout_basic, lemuel_round_altar, minmay_temple_entry_grid,
          serial_bayou_lagoon_a
D:6:      minmay_clustersquares, layout_cave_pods, vehumet_statue, uniq_duvessa
D:7:      statuecave_lemuel, layout_layer_cave, serial_shops, shop_fountains,
          guppyfry_early_elven_hall, uniq_harold
D:10:     layout_long_grid, serial_shops,
          nicolae_shop_competitors_out_of_business, shop, shop, shop,
          nicolae_trove_entry_crossroad, minmay_evil_grid, uniq_fannar,
          uniq_erica

Skill      XL: |  1  2  3  4  5  6  7  8  9 10 |
---------------+-------------------------------+-----
Dodging        | 2 3 |  3.2
Stealth        | 3 4 |  4.6
Poison Magic   | 5 6 7 9 |  9.4
Shields        | 1 2 3 4 5 |  5.7
Spellcasting   | 3 4 5 6 |  6.5
Armour         | 1 2 |  2.8
Transmutations | 2 3 4 |  4.0
Air Magic      | 1 2 3 |  3.2
Maces & Flails | 1 2 |  2.3
Invocations    | 1 5 6 |  6.3
Fighting       | 1 2 |  2.0
Unarmed Combat | |  0.1
Fire Magic     | |  0.3

Action                   |  1- 3 |  4- 6 |  7- 9 | 10-12 || total
-------------------------+-------+-------+-------+-------++-------
Melee: Unarmed           |    10 |       |       |       ||    10
       Club              |     2 |    12 |       |       ||    14
       Mace              |       |       |   161 |     1 ||   162
 Cast: Sting             |    31 |    21 |    86 |       ||   138
       Poisonous Vapours |     2 |    31 |   106 |     6 ||   145
       Olgreb's Toxic Ra |       |       |     4 |       ||     4
       Ignite Poison     |       |       |     8 |     3 ||    11
       Mephitic Cloud    |       |       |     2 |       ||     2
Invok: Minor Destruction |       |       |    26 |       ||    26
Evoke: Wand              |       |       |       |     4 ||     4
  Use: Scroll            |       |     6 |    11 |       ||    17
 Stab: Confused          |       |       |     1 |       ||     1
       Sleeping          |       |       |       |     1 ||     1
Armor: Leather armour    |     1 |     5 |    69 |     2 ||    77
Dodge: Dodged            |    17 |    25 |   166 |     6 ||   214
Block: Kite shield       |       |       |    38 |     7 ||    45

Table legend: (Time is in decaauts)
 A = Elapsed time spent in this place.
 B = Non-inter-level travel time spent in this place.
 C = Inter-level travel time spent in this place.
 D = Time resting spent in this place.
 E = Time spent auto-exploring this place.
 F = Levels seen in this place.
 G = Mean time per level.
                   A        B        C        D        E       F      G
               +--------+--------+--------+--------+--------+-----+--------+
         Total |  11065 |  10454 |    611 |   1187 |   7622 |   8 | 1383.1 |
       Dungeon |  11065 |  10454 |    611 |   1187 |   7622 |   8 | 1383.1 |
               +--------+--------+--------+--------+--------+-----+--------+

Top non-repeatable levels by time:
     D:4: 2334 daAuts
     D:3: 1750 daAuts
     D:6: 1402 daAuts
     D:7: 1395 daAuts
     D:1: 1359 daAuts
     D:2: 1349 daAuts
     D:5: 1346 daAuts
    D:10: 126 daAuts
